AoeStats
← Skraelin

Arabian Desert

508617280Analyzed
1v1 RM · 9d ago on Sep 23, 2026· 51m 48s· 2 players
Game mode
Random Map
Map size
Tiny (2 player)
Population
200
Speed
Normal
Resources
Standard
Victory
Conquest
Starting age
Dark Age
Ending age
Imperial Age
RankedLock teamsTeams togetherTeam positionsShared explorationLock speedFull tech treeHidden civsTurbo modeCheats
Victory
Defeat
🇹🇷 Magyars · Türkiye
1169
+19
🇦🇺 Vietnamese · Australia
1242
-19
Skraelin
7:20 Loom
11:42 Feudal Age
12:30 Double-Bit Axe
15:30 Gold Mining
17:27 Fletching
20:04 Castle Age
20:07 Crossbowman
20:44 Bodkin Arrow
21:14 Padded Archer Armor
21:17 Stone Mining
24:01 Ballistics
25:01 Stone Shaft Mining
24:39 Bow Saw
25:57 Leather Archer Armor
30:46 Thumb Ring
32:55 Bloodlines
34:39 Forging
39:48 Iron Casting
41:03 Husbandry
43:59 Chatras
45:52 Scale Barding Armor
49:30 Chain Barding Armor
53:07 Imperial Age
Mystterio
4:57 Loom
6:45 Loom
9:18 Feudal Age
10:18 Double-Bit Axe
12:19 Wheelbarrow
11:33 Horse Collar
19:23 Castle Age
17:47 Fletching
18:58 Bloodlines
18:41 Gold Mining
20:14 Bodkin Arrow
20:33 Bow Saw
20:52 Padded Archer Armor
22:11 Elite Skirmisher
23:08 Leather Archer Armor
25:30 Husbandry
27:04 Town Watch
28:59 Hand Cart
30:20 Scale Barding Armor
33:54 Imperial Age
33:56 Ballistics
34:50 Chain Barding Armor
35:22 Bracer
36:02 Ring Archer Armor
43:29 Parthian Tactics
48:36 Conscription
48:24 Corvinian Army
50:57 Chemistry
51:37 Heavy Plow
53:00 Gold Shaft Mining
Connection lost

Rejoining the realm…

Still unreachable

The connection could not be restored.

Session expired

The server has moved on; the page needs a fresh start.